 Dungeon Crawl Stone Soup version 0.23.2-40-g277498a001 (webtiles) character file.

Game seed: 2819331190119366069

1173 Marnok the Slasher (level 8, 0/77 HPs)
             Began as a Hill Orc Fighter on Oct 12, 2019.
             Killed from afar by an ooze (14 damage)
             ... with an exploding inner flame
             ... hexed by the player character
             ... on level 6 of the Dungeon.
             The game lasted 00:14:51 (4961 turns).

Marnok the Slasher (Hill Orc Fighter)               Turns: 4961, Time: 00:14:52

Health: 0/77       AC: 13    Str: 21      XL:     8   Next: 41%
Magic:  7/7        EV:  8    Int:  7 (8)  God:
Gold:   208        SH: 10    Dex: 10      Spells: 7/7 levels left

rFire    . . .     SeeInvis .   a - +0 long sword
rCold    . . .     Gourm    .   c - +0 shield
rNeg     . . .     Faith    .   b - +0 scale mail
rPois    .         Spirit   .   e - +0 helmet
rElec    .         Reflect  .   j - +2 cloak
rCorr    .         Harm     .   (no gloves)
MR       .....                  n - +0 pair of boots
Stlth    ..........             (no amulet)
HPRegen  0.22/turn              (no ring)
MPRegen  0.10/turn              (no ring)

@: about to teleport
A: low mp 1, mutation resistance 1, robust 1
a: no special abilities


You were on level 6 of the Dungeon.
You were very hungry.

You visited 1 branch of the dungeon, and saw 6 of its levels.

You collected 208 gold pieces.

Inventory:

Hand Weapons
 a - a +0 long sword (weapon)
Missiles
 r - 2 tomahawks of returning (quivered)
Armour
 b - a +0 scale mail (worn)
 c - a +0 shield (worn)
 e - a +0 helmet (worn)
 j - a +2 cloak (worn)
 n - a +0 pair of boots (worn)
Wands
 l - a wand of iceblast (10)
Scrolls
 h - 2 scrolls of identify
 k - 2 scrolls of amnesia
 u - a scroll of fear
Potions
 d - a potion of haste
 i - a potion of flight
 q - 2 potions of agility
 v - a potion of mutation
Comestibles
 f - 20 rations


   Skills:
 + Level 5.6 Fighting
 + Level 6.7 Long Blades
 + Level 5.8 Armour
 + Level 2.0 Dodging
 + Level 0.7 Stealth
 + Level 5.7 Shields


You had 7 spell levels left.
You didn't know any spells.
Your spell library was empty.

Dungeon Overview and Level Annotations

Branches:
Dungeon (6/15)             Temple (0/1) D:6

Altars:
Ru
The Shining One

Shops:
D:6 =


Innate Abilities, Weirdness & Mutations

Your magical capacity is low. (-10% MP)
You are somewhat resistant to further mutation.
You are robust. (+10% HP)


Message History

The centaur hits your adder!
Your adder dies!
Your adder's corpse dissolves into shadows!
The jelly hits your centaur skeleton.
Your centaur skeleton is splashed with acid.
The acid corrodes your centaur skeleton!
Your iguana barely misses the ooze.
Found a stone staircase leading up.
Your centaur skeleton hits the ogre.
The ogre hits your centaur skeleton with a +0 giant club!!
Your centaur skeleton is destroyed!
The howler monkey hoots and howls with incredible vigour!
The ooze hits you but does no damage.
Your iguana bites the ooze.
The ooze explodes!
The fiery explosion engulfs the centaur!!
The centaur is almost dead.
The fiery explosion engulfs the worker ant!!
You kill the worker ant!
The fiery explosion engulfs you!
You die...

***,,,,,,,#.##..**,,,.# *,*
***,,****,,*#.#...***,..#
**,* *,,*** *****.....+,*#..#
*,,** **** *,#...**#..#*
###,,## *****,*#MZ##..#*
#..**#! *,,,,,**#Z#J.#*
#.#*##. ****,,+,##O.## ##.#
#.. ***,,,,*##.h((# #..# #..
**,,,,,,*#@l.#.## #..# #..
***,,,,,,,#c§§###.####..####.
*,,,,,,,...§§.# ##..#........
**,,,,,,.......# ##..........
**,,,,,.........# #####.....#
*,,,,,,.........# ###...#
*,,,,,,.<(.....## ##...
*,,,,,,.........***** #...
**,,,,,,,,,,,,,,,,,,,** #...


You could see an ogre (inner flame), a centaur (inner flame), a howler monkey
(inner flame), a jelly and a friendly iguana.

Vanquished Creatures
  Sigmund (D:4)
  A phantom (D:2)
  An ogre (D:5)
  2 centaurs (D:5)
  A scorpion (D:4)
  A howler monkey (D:4)
  2 bullfrog skeletons
  A jelly (D:5)
  An orc priest (D:4)
  A hound (D:5)
  An orc wizard (D:5)
  An iguana (D:4)
  Natasha (thrice) (D:2)
  3 worker ants
  A howler monkey zombie (D:3)
  Robin (D:2)
  A howler monkey skeleton (D:6)
  6 adders
  3 gnolls (D:5)
  A shadow imp (D:5)
  An ooze (D:2)
  An adder skeleton (D:4)
  2 worms
  3 dart slugs
  A leopard gecko (D:1)
  17 orcs
  6 giant cockroaches
  20 goblins
  8 hobgoblins
  8 jackals (D:1)
  6 kobolds
  2 quokkas
  3 ball pythons
  7 bats
  5 frilled lizards
  8 rats
131 creatures vanquished.

Notes
Turn   | Place    | Note
-------+----------+-------------------------------------------
     0 | D:1      | Marnok the Hill Orc Fighter began the quest for the Orb.
     0 | D:1      | Reached XP level 1. HP: 19/19 MP: 1/1
    70 | D:1      | Found a glowing golden altar of the Shining One.
   346 | D:1      | Reached XP level 2. HP: 11/27 MP: 2/2
   861 | D:1      | Reached XP level 3. HP: 33/33 MP: 3/3
  1196 | D:2      | Noticed Natasha
  1198 | D:2      | Noticed Robin
  1205 | D:2      | Killed Robin
  1208 | D:2      | Killed Natasha
  1208 | D:2      | Reached skill level 3 in Long Blades
  1208 | D:2      | Reached XP level 4. HP: 25/40 MP: 4/4
  1410 | D:2      | Noticed a phantom
  1481 | D:2      | Killed a phantom
  1481 | D:2      | Reached XP level 5. HP: 16/46 MP: 5/5
  1657 | D:2      | Noticed Natasha
  1670 | D:2      | Killed Natasha
  1670 | D:2      | Reached skill level 4 in Long Blades
  1693 | D:2      | Noticed Natasha
  1751 | D:2      | Reached skill level 1 in Dodging
  1832 | D:2      | Killed Natasha
  1832 | D:2      | Reached XP level 6. HP: 8/52 MP: 6/6
  3186 | D:5      | Entered Level 5 of the Dungeon
  3339 | D:4      | Noticed Sigmund
  3345 | D:4      | Killed Sigmund
  3345 | D:4      | Reached skill level 5 in Long Blades
  3345 | D:4      | Reached skill level 5 in Armour
  3345 | D:4      | Reached XP level 7. HP: 41/60 MP: 7/7
  3622 | D:4      | Gained mutation: You are robust. (+10% HP) [potion of
                  | mutation]
  3622 | D:4      | Gained mutation: Your magical capacity is low. (-10% MP)
                  | [potion of mutation]
  3622 | D:4      | Gained mutation: You are somewhat resistant to further
                  | mutation. [potion of mutation]
  3631 | D:4      | Reached skill level 5 in Fighting
  3964 | D:4      | Reached skill level 5 in Shields
  4439 | D:5      | Reached skill level 6 in Long Blades
  4466 | D:5      | Reached XP level 8. HP: 70/74 MP: 7/7
  4698 | D:5      | Found a sacrificial altar of Ru.
  4912 | D:6      | Found Jeuhiamuv's Jewellery Boutique.
  4961 | D:6      | Killed from afar by an ooze

Skill      XL: |  1  2  3  4  5  6  7  8 |
---------------+-------------------------+-----
Fighting       | 4 5 |  5.6
Long Blades    | 3 4 5 6 |  6.7
Shields        | 4 5 |  5.7
Armour         | 4 5 |  5.8
Dodging        | 1 2 |  2.0
Stealth        | |  0.7

Action                   |  1- 3 |  4- 6 |  7- 9 || total
-------------------------+-------+-------+-------++-------
Melee: Long sword        |    82 |   260 |   150 ||   492
  Use: Potion            |     2 |     4 |     8 ||    14
       Scroll            |       |       |    11 ||    11
 Stab: Paralysed         |       |       |     1 ||     1
  Eat: Chunk             |     1 |     7 |     5 ||    13
Armor: Scale mail        |    54 |   102 |    82 ||   238
Dodge: Dodged            |    34 |    82 |    60 ||   176
Block: Shield            |    55 |   130 |    92 ||   277
       Rpst.: Long sword |    15 |    25 |    18 ||    58
